 Dungeon Crawl Stone Soup version 0.32-a0-870-g877066f4b4 (webtiles) character file.

Game seed: 2023180444770632737

122 Nvm9 the Trooper (level 4, 0/40 HPs)
             Began as a Demonspawn Fighter on Mar 29, 2024.
             Slain by Eustachio
             ... wielding a +0 rapier
              (5 damage)
             ... on level 4 of the Dungeon.
             The game lasted 00:03:15 (2135 turns).

Nvm9 the Trooper (Demonspawn Fighter)               Turns: 2135, Time: 00:03:15

Health: 0/40       AC:  9    Str: 18      XL:     4   Next: 78%
Magic:  4/4        EV:  8    Int:  9      God:
Gold:   125        SH:  4    Dex:  9 (12) Spells: 3/3 levels left

rFire   . . .        a - +0 war axe
rCold   . . .        c - +0 buckler
rNeg    + . .        b - +0 scale mail
rPois   .            s - +1 hat
rElec   .            (no cloak)
rCorr   +            (no gloves)
SInv    .            i - +0 pair of boots
Will    .....        (no amulet) Stlth
                     g - ring of resist corrosion
HPRegen 0.26/turn    n - ring of positive energy
MPRegen 0.09/turn

%: no passive effects
@: wreathed by umbra, invisible
A: foul shadow 1, robust 1
a: no special abilities


You were on level 4 of the Dungeon.
You visited 1 branch of the dungeon, and saw 4 of its levels.

You collected 125 gold pieces.

Inventory:

Hand Weapons
 a - a +0 war axe (weapon)
 j - a +2 mace of holy wrath
Missiles
 u - 4 poisoned darts (quivered)
Armour
 b - a +0 scale mail (worn)
 c - a +0 buckler (worn)
 i - a +0 pair of boots (worn)
 s - a +1 hat (worn)
Jewellery
 g - a ring of resist corrosion (left hand)
 n - a ring of positive energy (right hand)
Wands
 o - a wand of charming (17)
 r - a wand of warping (9)
Scrolls
 f - 2 scrolls of fog
 h - a scroll of vulnerability
 l - a scroll of revelation
Potions
 d - a potion of might
 k - a potion of mutation


   Skills:
 * Level 3.8 Fighting
 * Level 2.7 Axes
 + Level 0.0 Throwing
 * Level 3.3 Armour
 + Level 3.4 Shields


You had 3 spell levels left.
You didn't know any spells.
Your spell library contained the following spells:

 Spells                   Type           Power      Damage    Failure   Level
 Foxfire                  Conj/Fire      0%         2x1d4     85%         1
 Teleport Other           Tloc           0%         N/A       99%         3
 Dispersal                Tloc           0%         N/A       100%        6
 Gell's Gavotte           Tloc           0%         2d(11-16) 100%        6
 Plasma Beam              Fire/Air       0%         2x1d10    100%        6
 Starburst                Conj/Fire      0%         6d3       100%        6


Dungeon Overview and Level Annotations

Branches:
Dungeon (4/15)
 Temple: D:4-7

Altars:
Okawaru

Annotations:
D:4 1 runed translucent door, Eustachio; hattey's ghost, amateur HuWn


Innate Abilities, Weirdness & Mutations

You are faintly shadowed, very rarely releasing foul flame when damaged in melee.
You are robust. (+10% HP)


Message History

Unknown command.
You closely miss Eustachio.
Eustachio is lightly wounded.
You slash the white imp! Eustachio hits you with a +0 rapier!
The white imp hits you. The white imp freezes you.
* * * LOW HITPOINT WARNING * * *
You slash Eustachio!
Eustachio is heavily wounded.
You miss the quasit. You completely miss the white imp.
The quasit bites you but does no damage.
The quasit barely misses you.
The quasit claws you but does no damage.
Eustachio hits you but does no damage. The white imp gestures at you.
The puff of frost hits you.
* * * LOW HITPOINT WARNING * * *
The quasit bites you.
* * * LOW HITPOINT WARNING * * *
You feel clumsy. The quasit closely misses you.
The quasit claws you but does no damage.
You barely miss Eustachio.
Eustachio is heavily wounded.
You slash the white imp!
You kill the white imp!
The white imp disappears in a puff of smoke!
You closely miss the quasit. The quasit closely misses you.
The quasit claws you but does no damage. x2
Eustachio hits you but does no damage.
The quasit bites you but does no damage.
The quasit claws you but does no damage.
You block the quasit's attack. Eustachio hits you with a +0 rapier.
* * * LOW HITPOINT WARNING * * *
Unknown command.
It was a potion of invisibility.
You fade into invisibility!
The quasit bites you but does no damage.
The quasit closely misses you. x2; Eustachio hits you with a +0 rapier.
You die...
Eustachio twirls his moustache.

# #.#.###########
#....^.##.....#
#.#.##...§§§..# #
###.).5..#####
#.#####.@5......#
#........@.########
#..######....####.##
#.. ##.#...##..##
.... #..........#
##+ ###55
#PW#..####....###..
@..
#ß%+..............#
##..
#P.#..####...#.####
#.5
####...............


You could see Eustachio (unable to see you), an iron imp (summoned, unable to
see you) and a quasit (summoned, unable to see you).

Vanquished Creatures
  2 gnolls (D:1)
  5 adders
  A ribbon worm (D:3)
  3 dart slugs
  2 orcs (D:3)
  4 bats
  2 endoplasms (D:1)
  3 giant cockroaches
  3 goblins
  3 hobgoblins
  A quokka (D:2)
  A ball python (D:2)
  15 frilled lizards
  6 kobolds
  4 rats
55 creatures vanquished.

Notes
Turn   | Place    | Note
-------+----------+-------------------------------------------
     0 | D:1      | Nvm9 the Demonspawn Fighter began the quest for the Orb.
     0 | D:1      | Reached XP level 1. HP: 18/18 MP: 1/1
    24 | D:1      | Gained mutation: You are faintly shadowed, very rarely
                  | releasing foul flame when damaged in melee. [demonic
                  | ancestry]
    24 | D:1      | Reached XP level 2. HP: 19/24 MP: 2/2
   259 | D:1      | Reached XP level 3. HP: 27/29 MP: 3/3
  1105 | D:2      | Found a faded altar of an unknown god.
  1376 | D:2      | Reached XP level 4. HP: 35/35 MP: 4/4
  1648 | D:3      | Found an iron altar of Okawaru.
  2030 | D:3      | Gained mutation: You are robust. (+10% HP) [potion of
                  | mutation]
  2078 | D:4      | Noticed hattey's ghost (amateur HuWn)
  2079 | D:4      | Found a runed translucent door.
  2101 | D:4      | Noticed Eustachio
  2135 | D:4      | Slain by Eustachio

Illustrated notes

Levels and vault maps discovered:
D:1:      heliophobic_arrival_battle_scene, layout_basic
D:2:      wander_river, layout_loops_cross, dilly_ecumenical_altar_fadedgnrine,
          minmay_lizard_king
D:3:      layout_rooms, overflow_temple_1_default,
          chequers_serial_rivers_large_a, minmay_misc_feat_plants
D:4:      layout_basic, gammafunk_ghost_grave, kennysheep_cross_room,
          minmay_misc_feat_rugged, hangedman_abyss_or_decor_jellyfish_corner,
          nicolae_alphabet_shops, minivault_25, uniq_grinder, uniq_duvessa,
          uniq_eustachio

Skill      XL: |  1  2 |
---------------+-------+-----
Axes           | 2 |  2.7
Armour         | 3 |  3.3
Shields        | 3 |  3.4
Fighting       | |  3.8

Action                     |  1- 3 |  4- 6 || total
---------------------------+-------+-------++-------
  Melee: War axe           |   101 |    79 ||   180
    Use: Scroll            |     3 |     2 ||     5
         Potion            |     2 |     5 ||     7
 Armour: Scale mail        |    70 |    87 ||   157
  Dodge: Dodged            |    49 |    56 ||   105
  Block: Buckler           |    25 |    27 ||    52

Table legend: (Time is in decaauts)
 A = Elapsed time spent in this place.
 B = Non-inter-level travel time spent in this place.
 C = Inter-level travel time spent in this place.
 D = Time resting spent in this place.
 E = Time spent auto-exploring this place.
 F = Levels seen in this place.
 G = Mean time per level.
                   A        B        C        D        E       F      G
               +--------+--------+--------+--------+--------+-----+--------+
         Total |   2225 |   2169 |     56 |     79 |   1578 |   4 |  556.2 |
       Dungeon |   2225 |   2169 |     56 |     79 |   1578 |   4 |  556.2 |
               +--------+--------+--------+--------+--------+-----+--------+

Top non-repeatable levels by time:
     D:1: 801 daAuts
     D:2: 773 daAuts
     D:3: 567 daAuts
     D:4: 82 daAuts
